 Dungeon Crawl Stone Soup version 0.27.1-34-g3ba077fa99 (webtiles) character file.

Game seed: 6898082094158708074

258 Delamore the Cutter (level 6, 0/39 HPs)
             Began as an Octopode Brigand on Jan 16, 2022.
             Succumbed to a kobold brigand's curare-tipped dart
             ... in a sewer.
             The game lasted 00:03:12 (2234 turns).

Delamore the Cutter (Octopode Brigand)              Turns: 2234, Time: 00:03:12

Health: 0/39       AC:  1    Str: 10    XL:     6   Next: 16%
Magic:  6/6        EV: 12    Int: 14    God:
Gold:   88         SH:  0    Dex: 15    Spells: 5/5 levels left

rFire    . . .     SeeInvis .   a - +2 dagger
rCold    . . .     Faith    .   (no shield)
rNeg     . . .     Spirit   .   (helmet restricted)
rPois    .         Reflect  .   (no amulet)
rElec    .         Harm     .   (no ring)
rCorr    .         Rampage  .   (no ring)
Will     .....                  (no ring)
Stlth    ++++......             (no ring)
HPRegen  0.13/turn              (no ring)
MPRegen  0.10/turn              (no ring)
                                (no ring)
                                (no ring)

@: brilliant, lethally poisoned (0 -> -6), silenced, hasted and slowed
A: almost no armour, amphibious, 8 rings, camouflage 1, gelatinous body 1,
nimble swimmer 1, tentacles
a: no special abilities


You were in a sewer.
You visited 1 branch of the dungeon, and saw 3 of its levels.
You also visited: Sewer.

You collected 88 gold pieces.

Inventory:

Hand Weapons
 a - a +2 dagger (weapon)
Missiles
 b - 11 poisoned darts (quivered)
 c - 2 curare-tipped darts
 d - a throwing net
 g - 6 javelins
 h - 4 boomerangs
Scrolls
 m - a scroll of teleportation
Potions
 i - a potion of haste
 k - a potion of berserk rage {unknown}
 l - a potion of brilliance


   Skills:
 - Level 2.0 Fighting
 + Level 6.3 Short Blades
 - Level 2.0 Throwing
 - Level 1.0 Dodging
 - Level 5.3 Stealth


You had 5 spell levels left.
You didn't know any spells.
Your spell library contained the following spells:

 Spells                   Type           Power      Damage    Failure   Level
 Summon Guardian Golem    Hex/Summ       0%         N/A       65%         3
 Orb of Destruction       Conj           0%         N/A       100%        7
 Spellforged Servitor     Conj/Summ      0%         N/A       100%        7


Dungeon Overview and Level Annotations

Branches:
Dungeon (3/15)              Sewer (1/1)

Altars:
Nemelex Xobeh


Innate Abilities, Weirdness & Mutations

You cannot wear most types of armour.
You are amphibious.
You can wear up to eight rings at the same time.
Your skin changes colour to match your surroundings (Stealth+).
Your rubbery body absorbs attacks. (AC +1, EV +1)
You are camouflaged near water. (Stealth+)
You have tentacles for arms and can constrict up to eight enemies at once.


Message History

The poisoned dart hits the kobold brigand.
The kobold brigand looks even sicker.
You hear a splash.
Throw: 13 darts (poison)
Press: ? - help, Q - select action, (/) - cycle Shift-Dir - straight line, f/p - kobold brigand
Aim: a kobold brigand, wielding a +0 short sword and quivering curare-tipped darts (very poisoned, 53% to hit)
You throw a poisoned dart.
The poisoned dart hits the kobold brigand.
The kobold brigand looks even sicker.
Throw: 12 darts (poison)
Press: ? - help, Q - select action, (/) - cycle Shift-Dir - straight line, f/p - kobold brigand
Aim: a kobold brigand, wielding a +0 short sword and quivering curare-tipped darts (very poisoned, 53% to hit)
You throw a poisoned dart.
The poisoned dart misses the kobold brigand.
You hear a splash.
The kobold brigand throws a curare-tipped dart.
The curare-tipped dart hits you.
You are poisoned.
You have difficulty breathing.
You feel yourself slow down.
You feel very sick.
The kobold brigand throws a curare-tipped dart.
The curare-tipped dart hits you.
You are more poisoned.
You have difficulty breathing.
You feel as though you will be slow longer.
You feel very sick.
Okay, then.
As you read the scroll labelled TUYF SUQUEDGH, it crumbles to dust.
A profound silence engulfs you.
It was a scroll of silence.
* * * LOW HITPOINT WARNING * * *
You feel very sick.
Okay, then.
It was a potion of haste.
You feel yourself speed up.
* * * LOW HITPOINT WARNING * * *
You feel very sick.
The kobold brigand hits you with a +0 short sword.
* * * LOW HITPOINT WARNING * * *
It was a potion of brilliance.
You feel clever all of a sudden.
You die...

#≈≈.≈≈..≈.. #≈≈......∩.
#.≈..≈≈.... #.≈......∩.
##### ##≈≈.≈...≈..
#.≈(≈.##### ##..≈.≈≈.....
#((≈≈≈####.≈≈≈##≈≈≈.≈.
#K≈≈≈≈###K≈.≈≈.≈.####≈≈≈≈.
##### #@≈≈≈≈≈≈.# ##≈..≈.
#≈≈...≈.####.≈≈≈≈≈
≈≈.≈########≈≈≈≈≈.≈≈ #####
#.≈≈..#### #≈≈.≈## #≈≈.##
#.≈≈# #≈.≈# ##≈≈≈##


You could see a kobold brigand (very poisoned).

Vanquished Creatures
  2 kobold brigands (Sewer)
  3 adders
  A gnoll (D:1)
  2 river rats
  An adder zombie (D:2)
  4 worms
  A bat skeleton (D:2)
  6 endoplasms
  2 giant cockroaches (D:3)
  A goblin (D:1)
  3 hobgoblins
  6 jackals
  3 quokkas
  5 ball pythons
  2 ball python skeletons (D:2)
  A ball python zombie (D:2)
  3 bats
  3 frilled lizards
  A kobold (D:3)
  8 rats
58 creatures vanquished.

Notes
Turn   | Place    | Note
-------+----------+-------------------------------------------
     0 | D:1      | Delamore the Octopode Brigand began the quest for the Orb.
     0 | D:1      | Reached XP level 1. HP: 14/14 MP: 1/1
    45 | D:1      | Reached XP level 2. HP: 19/19 MP: 2/2
   157 | D:1      | Reached skill level 3 in Short Blades
   376 | D:1      | Reached XP level 3. HP: 19/24 MP: 3/3
   621 | D:2      | Found a sparkling altar of Nemelex Xobeh.
   791 | D:2      | Reached skill level 4 in Short Blades
   866 | D:2      | Reached XP level 4. HP: 28/29 MP: 4/4
  1564 | D:3      | Found a glowing drain.
  1569 | Sewer    | Entered a sewer
  1613 | Sewer    | Noticed a kobold brigand
  1613 | Sewer    | Noticed a kobold brigand
  1633 | Sewer    | Killed a kobold brigand
  1634 | Sewer    | Reached skill level 5 in Short Blades
  1634 | Sewer    | Reached XP level 5. HP: 24/34 MP: 5/5
  1642 | Sewer    | Killed a kobold brigand
  1643 | Sewer    | Reached skill level 6 in Short Blades
  1643 | Sewer    | Reached XP level 6. HP: 8/39 MP: 6/6
  2234 | Sewer    | Succumbed to a kobold brigand's curare-tipped dart

Illustrated notes

Levels and vault maps discovered:
D:1:      psy_arrival_fountain, layout_basic
D:2:      layout_rooms, serial_undead, serial_undead_b, serial_undead_c,
          serial_undead_c, serial_undead_b, serial_undead_b, basic_altar,
          minmay_unequal
D:3:      layout_basic, portal_sewer_entry_e
Sewer:    sewer_co_tree

Skill      XL: |  1  2  3  4  5 |
---------------+----------------+-----
Short Blades   | 3 4 5 6 |  6.3
Fighting       | |  2.0
Throwing       | |  2.0
Dodging        | |  1.0
Stealth        | |  5.3

Action                   |  1- 3 |  4- 6 || total
-------------------------+-------+-------++-------
Melee: Dagger            |    49 |    65 ||   114
       Constrict         |     6 |    13 ||    19
       Tentacles         |     3 |    16 ||    19
Throw: Dart              |       |     5 ||     5
  Use: Scroll            |       |     4 ||     4
       Potion            |       |     4 ||     4
 Stab: Sleeping          |    16 |     7 ||    23
Armor: Skin              |     4 |     2 ||     6
Dodge: Dodged            |    21 |    22 ||    43
